 Dungeon Crawl Stone Soup version 0.20.0-15-g7f486f2 (webtiles) character file.

65 renl the Insei (level 4, -2/28 HPs)
             Began as an Octopode Transmuter on July 4, 2017.
             Slain by a worm (6 damage)
             ... on level 3 of the Dungeon.
             The game lasted 00:07:22 (2220 turns).

renl the Insei (Octopode Transmuter)                Turns: 2220, Time: 00:07:23

Health: -2/28      AC:  2    Str:  9    XL:     4   Next: 13%
Magic:  4/7        EV: 20    Int: 16    God:
Gold:   153        SH:  0    Dex: 17    Spells: 1/7 levels left

rFire    . . .     SeeInvis .     - Unarmed
rCold    . . .     Gourm    .   (shield currently unavailable)
rNeg     . . .     Faith    .   (helmet currently unavailable)
rPois    x         Spirit   .   (no amulet)
rElec    .         Reflect  .   (no ring)
rCorr    .         Harm     .   (no ring)
MR       .....                  (no ring)
Stlth    ++........             (no ring)
Regen    0.1/turn               (no ring)
MPRegen  0.1/turn               (no ring)
                                (no ring)
                                (no ring)

@: spider-form (expiring)
A: almost no armour, stealthy swim, (amphibious), 8 rings, (constrict 8)
a: End Transformation


You were on level 3 of the Dungeon.
You were hungry.
You were a venomous arachnid creature.
You visited 1 branch of the dungeon, and saw 3 of its levels.

You collected 153 gold pieces.

Inventory:

Missiles
 a - 41 arrows
Armour
 k - a +2 buckler (melded)
Scrolls
 g - 2 scrolls of teleportation {unknown}
 h - a scroll of amnesia {unknown}
Potions
 e - a potion of might {unknown}
 i - 2 potions of lignification {unknown}
 j - a potion of heal wounds {unknown}
Books
 b - a book of Changes

   Spells                             Type                      Level
   a - Beastly Appendage              Transmutation                1
   b - Sticks to Snakes               Transmutation                2
   c - Spider Form                    Transmutation/Poison         3
   d - Ice Form                       Ice/Transmutation            4
   e - Blade Hands                    Transmutation                5
Comestibles
 c - a bread ration
 d - a royal jelly
 f - 2 meat rations


   Skills:
 + Level 1.1 Fighting
 + Level 2.2 Dodging
 + Level 1.3 Stealth
 * Level 4.0 Unarmed Combat
 - Level 2.0 Spellcasting
 * Level 2.9 Transmutations


You had one spell level left.
You knew the following spells:

 Your Spells              Type           Power        Failure   Level  Hunger
a - Beastly Appendage     Tmut           ##....       17%         1    #......
b - Spider Form           Tmut/Pois      #.........   56%         3    ###....
c - Sticks to Snakes      Tmut           ##......     24%         2    ###....


Dungeon Overview and Level Annotations

Branches:
Dungeon (3/15)

Altars:
Hepliaklqana


Innate Abilities, Weirdness & Mutations

You cannot wear most types of armour.
You are very stealthy in the water. (Stealth+)
((You are amphibious.))
You can wear up to eight rings at the same time.
((You can use your tentacles to constrict eight enemies at once.))
((Your skin changes colour to match your surroundings (Stealth+).))
((Your rubbery body absorbs attacks. (AC +1, EV +1)))


Message History

l - a chunk of flesh You see here a short sword.
Eating a chunk of flesh.
You eat the chunk of flesh.
This raw flesh tastes terrible.
You are feeling hungry.
Your tentacle spike disappears.
A worm comes into view.
You see here a short sword.
Casting: Beastly Appendage
Confirm with . or Enter, or press ? or * to list all spells.
You turn into a venomous arachnid creature.
Your +2 buckler melds into your body.
You hit the worm but do no damage.
The worm is poisoned.
The worm bites you!
* * * LOW HITPOINT WARNING * * *
You completely miss the worm. You bite the worm!
The worm is heavily wounded.
Your transformation is almost over.
The worm bites you.
You die...

####........#.#
.............>#####
##...............
#...............
#...)...........
##......?........
...................
....)##............
?.... #....s.......
.... #.....w......
.... #............
... #............
#............
#############


You could see a worm.

Vanquished Creatures
  An adder (D:2)
  3 worms
  A dart slug (D:2)
  3 leopard geckos (D:2)
  8 bats
  6 goblins
  2 hobgoblins (D:1)
  3 kobolds
  2 quokkas (D:2)
  6 frilled lizards
  9 rats
44 creatures vanquished.

Notes
Turn   | Place    | Note
-------+----------+-------------------------------------------
     0 | D:1      | renl the Octopode Transmuter began the quest for the Orb.
     0 | D:1      | Reached XP level 1. HP: 13/13 MP: 3/3
   232 | D:1      | Reached XP level 2. HP: 14/18 MP: 3/5
   733 | D:1      | Reached skill level 1 in Stealth
   953 | D:2      | Reached XP level 3. HP: 23/23 MP: 4/6
   958 | D:2      | Learned a level 3 spell: Spider Form
  1106 | D:2      | Learned a level 2 spell: Sticks to Snakes
  1811 | D:2      | Reached XP level 4. HP: 24/28 MP: 5/7
  2055 | D:2      | Found a hazy altar of Hepliaklqana.
  2206 | D:3      | Reached skill level 4 in Unarmed Combat
  2220 | D:3      | Slain by a worm

Skill      XL: |  1  2  3  4 |
---------------+-------------+-----
Stealth        | 1 |  1.3
Unarmed Combat | 4 |  4.0
Fighting       | |  1.1
Dodging        | |  2.2
Spellcasting   | |  2.0
Transmutations | |  2.9

Action                   |  1- 3 |  4- 6 || total
-------------------------+-------+-------++-------
Melee: Unarmed           |    83 |    16 ||    99
       Constrict         |    24 |     2 ||    26
       Kick              |    17 |     3 ||    20
       Tentacles         |     7 |     2 ||     9
       Punch             |     3 |     1 ||     4
 Cast: Beastly Appendage |    16 |     2 ||    18
       Spider Form       |     2 |     1 ||     3
 Stab: Sleeping          |    10 |     1 ||    11
  Eat: Chunk             |     3 |     1 ||     4
Armor: Skin              |     3 |     2 ||     5
Dodge: Dodged            |    45 |     8 ||    53
